 Dungeon Crawl Stone Soup version 0.28-a0-21-gf74fda84f9 (webtiles) character file.

Game seed: 17629202578387442452

66 robertstho the Skirmisher (level 3, -3/35 HPs)
             Began as a Minotaur Berserker on July 26, 2021.
             Was a Follower of Trog.
             Slain by Sigmund (10 damage)
             ... on level 2 of the Dungeon.
             The game lasted 00:01:25 (1383 turns).

robertstho the Skirmisher (Minotaur Berserker)      Turns: 1383, Time: 00:01:25

Health: -3/35      AC:  2    Str: 21    XL:     3   Next: 96%
Magic:  2/2        EV: 12    Int:  5    God:    Trog [*.....]
Gold:   52         SH:  0    Dex:  9    Spells: 2/2 levels left

rFire   . . .      SeeInvis .   c - +7 broad axe "Vueris" {spect, rElec}
rCold   . . .      Faith    .   (no shield)
rNeg    . . .      Spirit   .   b - +0 animal skin
rPois   .          Reflect  +   (helmet restricted)
rElec   +          Harm     .   (no cloak)
rCorr   .          Rampage  .   (no gloves)
Will    .....                   (no boots)
Stlth   +.........              g - amulet of reflection
HPRegen 0.11/turn               (no ring)
MPRegen 0.08/turn               (no ring)

@: confused
A: horns 2, retaliatory headbutt
a: Renounce Religion, Berserk


You were on level 2 of the Dungeon.
You worshipped Trog.
Trog was aware of your devotion.
You visited 1 branch of the dungeon, and saw 2 of its levels.

You collected 52 gold pieces.

Inventory:

Hand Weapons
 c - the +7 broad axe "Vueris" (weapon) {spect, rElec}
   (You acquired it on level 2 of the Dungeon)

   When its wielder attacks, the weapon's spirit leaps out and strikes again.
   The spirit shares a part of any damage it takes with its wielder.
   rElec:     It insulates you from electricity.
Armour
 b - a +0 animal skin (worn)
Jewellery
 g - an amulet of reflection (around neck)
Wands
 f - a wand of digging (4)
Scrolls
 a - a scroll of fog {unknown}
 e - a scroll of magic mapping {unknown}
 h - a scroll of enchant weapon {unknown}
Potions
 d - 2 potions of heal wounds


   Skills:
 * Level 4.8 Fighting
 + Level 4.3 Axes
 * Level 3.0 Armour
 + Level 2.4 Dodging


You had 2 spell levels left.
You didn't know any spells.
Your spell library was empty.

Dungeon Overview and Level Annotations

Branches:
Dungeon (2/15)

Altars:

Annotations:
D:2 Sigmund


Innate Abilities, Weirdness & Mutations

You have a pair of horns on your head.
You reflexively headbutt those who attack you in melee.


Message History

a +0 club; a goblin corpse
Found a stone staircase leading up.
You open the door.
There is an open door here.
You open the door.
There is an open door here.
You open the door.
There is an open door here.
h - a scroll labelled YHACSI JYGG
Found a stone staircase leading down.
There is a stone staircase leading down here.
An endoplasm comes into view.
The endoplasm quivers.
You block the endoplasm's attack.
You slash the endoplasm!
You kill the endoplasm!
Trog accepts your kill.
No target in view!
No target in view!
Found a hand axe.
You now have 52 gold pieces (gained 7).
Sigmund the Dreaded comes into view.
He is wielding a +0 scythe.
Sigmund is nearby!
Sigmund is nearby!
Sigmund is nearby!
Sigmund gestures at you while chanting. You resist with significant effort.
Sigmund casts a spell at you.
You are confused.
Sigmund closely misses you.
Sigmund mumbles some strange words.
Sigmund flickers and vanishes!
Deactivating autopickup; reactivate with Ctrl-A.
Found 11 gold pieces.
Something hits you!
You bump into the rock wall.
Something hits you!
You bump into the rock wall.
Something hits you!
* * * LOW HITPOINT WARNING * * *
Something hits you!
You die...

#.#.# #.#. #.#.###
#.#. #.....# #.#.
######.#.######.#.
#......#........#.
#.###############
#.# #.# #@#
#..$...{#
#########


There were no monsters in sight!

Vanquished Creatures
  3 adders (D:2)
  A dart slug (D:1)
  4 bats
  3 endoplasms
  A giant cockroach (D:1)
  4 goblins
  2 hobgoblins
  4 jackals (D:1)
  2 kobolds (D:1)
  A quokka (D:2)
  3 ball pythons
  2 frilled lizards
  2 rats
32 creatures vanquished.

Notes
Turn   | Place    | Note
-------+----------+-------------------------------------------
     0 | D:1      | robertstho the Minotaur Berserker began the quest for the
                  | Orb.
     0 | D:1      | Reached XP level 1. HP: 19/19 MP: 0/0
    91 | D:1      | Reached XP level 2. HP: 18/27 MP: 1/1
   587 | D:1      | Found a faded altar of an unknown god.
   674 | D:2      | Identified a scroll of acquirement
   678 | D:2      | Acquired the +7 broad axe "Vueris" {spect, rElec}
   738 | D:2      | Reached XP level 3. HP: 34/34 MP: 2/2
  1375 | D:2      | Noticed Sigmund
  1383 | D:2      | Slain by Sigmund

Illustrated notes

Levels and vault maps discovered:
D:1:      wander_arrival_peaceful_grave, layout_rooms, basic_ecumenical_altar
D:2:      layout_basic, kennysheep_nub, uniq_robin, uniq_sigmund

Skill      XL: |  1  2  3 |
---------------+----------+-----
Fighting       | 4 |  4.8
Axes           | 4 |  4.3
Armour         | 3 |  3.0
Dodging        | |  2.4

Action                   || total
-------------------------++-------
Melee: Hand axe          ||    30
       Headbutt          ||     6
       Broad axe         ||    15
  Use: Scroll            ||     4
Armor: Animal skin       ||     4
Dodge: Dodged            ||    30
Block: Other             ||     2

Table legend: (Time is in decaauts)
 A = Elapsed time spent in this place.
 B = Non-inter-level travel time spent in this place.
 C = Inter-level travel time spent in this place.
 D = Time resting spent in this place.
 E = Time spent auto-exploring this place.
 F = Levels seen in this place.
 G = Mean time per level.
                   A        B        C        D        E       F      G
               +--------+--------+--------+--------+--------+-----+--------+
         Total |   1391 |   1372 |     19 |      0 |   1206 |   2 |  695.5 |
       Dungeon |   1391 |   1372 |     19 |      0 |   1206 |   2 |  695.5 |
               +--------+--------+--------+--------+--------+-----+--------+

Top non-repeatable levels by time:
     D:2: 720 daAuts
     D:1: 671 daAuts
